 Dungeon Crawl Stone Soup version 0.28-a0-1190-g77e1c55843 (webtiles) character file.

Game seed: 17086255883193419008

1 freelancePsychic the Cudgeller (level 1, 0/15 HPs)
             Began as a Demonspawn Wanderer on Dec 18, 2021.
             Slain by a jackal (3 damage)
             ... on level 1 of the Dungeon.
             The game lasted 00:00:48 (248 turns).

freelancePsychic the Cudgeller (Demonspawn Wanderer) Turns: 248, Time: 00:00:49

Health: 0/15       AC:  2    Str: 12    XL:     1   Next: 16%
Magic:  2/2        EV: 11    Int: 15    God:
Gold:   28         SH:  0    Dex: 10    Spells: 1/2 levels left

rFire   . . .      SeeInvis .   a - +0 mace
rCold   . . .      Faith    .   (no shield)
rNeg    . . .      Spirit   .   d - +0 robe
rPois   .          Reflect  .   (no helmet)
rElec   .          Harm     .   (no cloak)
rCorr   .          Rampage  .   (no gloves)
Will    .....                   (no boots)
Stlth   +.........              (no amulet)
HPRegen 0.05/turn               (no ring)
MPRegen 0.08/turn               (no ring)

@: no status effects
A: no striking features
a: no special abilities


You were on level 1 of the Dungeon.
You visited 1 branch of the dungeon, and saw 1 of its levels.

You collected 28 gold pieces.

Inventory:

Hand Weapons
 a - a +0 mace (weapon)
Missiles
 b - 6 poisoned darts (quivered)
Armour
 d - a +0 robe (worn)
Scrolls
 c - a scroll of identify {unknown}


   Skills:
 - Level 1.0 Fighting
 - Level 3.6 Maces & Flails
 - Level 1.0 Throwing
 - Level 1.0 Stealth
 + Level 1.0 Spellcasting
 - Level 2.0 Hexes
 + Level 0.2 Summonings


You had one spell level left.
You knew the following spells:

 Your Spells              Type           Power      Damage    Failure   Level
a - Slow                  Hex            24%        N/A       11%         1

Your spell library contained the following spells:

 Spells                   Type           Power      Damage    Failure   Level
 Tukima's Dance           Hex            6%         N/A       32%         3
 Summon Guardian Golem    Hex/Summ       4%         N/A       43%         3


Dungeon Overview and Level Annotations

Branches:
Dungeon (1/15)

Altars:


Message History

Throw: 11 darts (poison)
Press: ? - help, Q - select action, (/) - cycle Shift-Dir - straight line, f/p - jackal
Aim: a jackal (45% to hit)
You throw a poisoned dart. The poisoned dart hits the jackal.
The jackal is poisoned.
You kill the giant cockroach!
The jackal barely misses you. The jackal closely misses you.
Throw: 10 darts (poison)
Press: ? - help, Q - select action, (/) - cycle Shift-Dir - straight line, f/p - jackal
Aim: a jackal (poisoned, 45% to hit)
You throw a poisoned dart.
The poisoned dart closely misses the jackal.
The poisoned dart completely misses the jackal.
The jackal barely misses you.
Throw: 9 darts (poison)
Press: ? - help, Q - select action, (/) - cycle Shift-Dir - straight line, f/p - jackal
Aim: a jackal (poisoned, 45% to hit)
You throw a poisoned dart. The poisoned dart hits the jackal.
The jackal looks even sicker.
The jackal closely misses you.
You barely miss the jackal. The jackal bites you. x2
* * * LOW HITPOINT WARNING * * *
Throw: 8 darts (poison)
Press: ? - help, Q - select action, (/) - cycle Shift-Dir - straight line, f/p - jackal
Aim: a jackal (severely wounded, very poisoned, 45% to hit)
You throw a poisoned dart.
The poisoned dart closely misses the jackal.
The poisoned dart closely misses the jackal.
The jackal bites you.
* * * LOW HITPOINT WARNING * * *
The jackal closely misses you.
Throw: 7 darts (poison)
Press: ? - help, Q - select action, (/) - cycle Shift-Dir - straight line, f/p - jackal
Aim: a jackal (severely wounded, very poisoned, 45% to hit)
You throw a poisoned dart. The poisoned dart hits the jackal.
The jackal looks even sicker.
The jackal is severely wounded.
The jackal closely misses you. The jackal bites you.
You die...

#.##.###.# #.........# #.#
#.##.# #.# #.###.###.# #.#
#.##.###.###.#.......# #.#
#.##.................# #.#
#.######.###.##...#..#####.#
#(.......# #.##............#
########## #.........#######
####.....## ##@#### #h# #h#
### #(# .. #.# .# #(###.#
#.....# #.........#
....(..........


You could see 2 jackals.

Vanquished Creatures
  A giant cockroach (D:1)
1 creature vanquished.

Notes
Turn   | Place    | Note
-------+----------+-------------------------------------------
     0 | D:1      | freelancePsychic the Demonspawn Wanderer began the quest
                  | for the Orb.
     0 | D:1      | freelancePsychic set off with the following items: a +0
                  | mace, 14 poisoned darts, a +0 dagger, a +0 robe; and the
                  | following spell memorised: Slow; and the following spells
                  | available to memorise: Tukima's Dance, Summon Guardian
                  | Golem
     0 | D:1      | Reached XP level 1. HP: 15/15 MP: 2/2
   248 | D:1      | Slain by a jackal

Illustrated notes

Levels and vault maps discovered:
D:1:      heliophobic_arrival_battle_scene, layout_loops_corners

Action                   || total
-------------------------++-------
Melee: Mace              ||     1
Throw: Dart              ||     8
Dodge: Dodged            ||     8

Table legend: (Time is in decaauts)
 A = Elapsed time spent in this place.
 B = Non-inter-level travel time spent in this place.
 C = Inter-level travel time spent in this place.
 D = Time resting spent in this place.
 E = Time spent auto-exploring this place.
 F = Levels seen in this place.
 G = Mean time per level.
                   A        B        C        D        E       F      G
               +--------+--------+--------+--------+--------+-----+--------+
         Total |    247 |    247 |      0 |      0 |    225 |   1 |  247.0 |
       Dungeon |    247 |    247 |      0 |      0 |    225 |   1 |  247.0 |
               +--------+--------+--------+--------+--------+-----+--------+

Top non-repeatable levels by time:
     D:1: 247 daAuts
